 Dungeon Crawl Stone Soup version 0.32-a0-996-gb3226c233f (webtiles) character file.

Game seed: 7876336778359045032

2416 GabrielManson the Covert (level 9, 0/45 HPs)
             Began as a Kobold Earth Elementalist on Apr 23, 2024.
             Slain by a black bear (1 damage)
             ... on level 7 of the Dungeon.
             The game lasted 00:28:38 (7932 turns).

GabrielManson the Covert (KoEE)                     Turns: 7932, Time: 00:28:38

Health: 0/45       AC:  7    Str:  3 (6)  XL:     9   Next: 76%
Magic:  11/16      EV: 16    Int: 19 (20) God:
Gold:   476        SH:  0    Dex: 12 (15) Spells: 9/19 levels left

rFire   . . .        q - staff of conjuration
rCold   . . .        (shield currently unavailable)
rNeg    . . .        k - +2 robe {Will+}
rPois   +            (no helmet)
rElec   .            s - +2 cloak {rPois}
rCorr   +            (no gloves)
SInv    .            (no boots)
Will    +....        (no amulet)
Stlth   +++++        p - ring of resist corrosion
HPRegen 0.27/turn    (no ring)
MPRegen 0.15/turn

%: no passive effects
@: no status effects
A: small, no large weapons, nightstalker 3, hooves 1, low MP 1, sense
surroundings 1
a: no special abilities


You were on level 7 of the Dungeon.
You visited 2 branches of the dungeon, and saw 8 of its levels.

You collected 476 gold pieces.

Inventory:

Missiles
 r - a throwing net
Armour
 a - a +0 robe
 k - a +2 robe of willpower (worn)
 s - a +2 cloak of poison resistance (worn)
Magical Staves
 q - a staff of conjuration (weapon)
Jewellery
 p - a ring of resist corrosion (left hand)
Wands
 d - a wand of flame (20)
 g - a wand of roots (3)
 l - a wand of polymorph (15)
Scrolls
 c - a scroll of brand weapon
 f - 2 scrolls of identify
 h - 4 scrolls of immolation
 j - a scroll of fog {unknown}
 n - 3 scrolls of vulnerability
Potions
 b - a potion of magic
 i - a potion of cancellation
 m - a potion of curing
 o - a potion of lignification


   Skills:
 + Level 7.0 Dodging
 + Level 8.4 Stealth
 + Level 5.9 Spellcasting
 - Level 4.1 Conjurations
 + Level 5.7 Earth Magic
 + Level 4.3 Alchemy


You had 9 spell levels left.
You knew the following spells:

 Your Spells              Type           Power      Damage    Failure   Level
a - Sandblast             Erth           54%        2d13      1%          1
c - Stone Arrow           Conj/Erth      72%        3d11      4%          3
d - Mercury Vapours       Alch/Air       26%        N/A       7%          2
e - Petrify               Alch/Erth      24%        N/A       14%         4

Your spell library contained the following spells:

 Spells                   Type           Power      Damage    Failure   Level
 Passwall                 Erth           27%        N/A       3%          3
 Mephitic Cloud           Conj/Alch/Air  24%        N/A       11%         3
 Brom's Barrelling Bould  Conj/Erth      36%        2d6       16%         4
 Ensorcelled Hibernation  Hex/Ice        10%        N/A       17%         2
 Lesser Beckoning         Tloc           10%        N/A       17%         2
 Maxwell's Portable Pile  Tloc           5%         2d(5-15)  34%         3
 Swiftness                Air            5%         N/A       34%         3
 Teleport Other           Tloc           5%         N/A       34%         3
 Freezing Cloud           Conj/Ice/Air   8%         6-21      87%         5
 Haunt                    Necr/Summ      2%         N/A       100%        7
 Borgnjor's Revivificati  Necr           2%         N/A       100%        8
 Death's Door             Necr           2%         N/A       100%        9


Dungeon Overview and Level Annotations

Branches:
Dungeon (7/15)             Temple (1/1) D:4

Altars:
Ashenzari
Cheibriados
Dithmenos
Elyvilon
Fedhas
Gozag
Kikubaaqudgha
Nemelex Xobeh
Okawaru
Qazlal
Ru
Sif Muna
Trog
Uskayaw
Vehumet
Xom
Yredelemnul
Zin
The Shining One

Shops:
D:2 (   D:3 (


Innate Abilities, Weirdness & Mutations

You are small and have problems with some larger weapons.
You are completely attuned to the shadows.
You have large cloven feet.
Your magical capacity is low. (-10% MP)
You passively map a small area around you.


Message History

The black bear bites you but does no damage.
The black bear misses you. The black bear completely misses you.
Casting: Mercury Vapours (safe; 7% risk of failure)
Confirm with . or Enter, or press ? or * to list all spells.
Aiming: Mercury Vapours (safe; 7% risk of failure)
Press: ? - help, Dir - move target, f - black bear
Aim: a black bear (chance to weaken: 59%) Fumes of mercury billow around the black bear!
The black bear is poisoned.
The black bear looks weaker.
You feel your attacks grow feeble. The black bear closely misses you.
The black bear barely misses you.
The black bear claws you but does no damage.
The black bear attacks as it pursues you!
The black bear misses you. The black bear closely misses you.
The black bear misses you.
The black bear attacks as it pursues you!
The black bear misses you. The black bear barely misses you. x2
Your attacks no longer feel as feeble.
The black bear closely misses you. The black bear completely misses you.
The black bear claws you.
* * * LOW HITPOINT WARNING * * *
The two-headed ogre barely misses you.
The two-headed ogre hits you with a +0 dire flail!
* * * LOW HITPOINT WARNING * * *
The ogre closely misses you.
There is an open door here.
The black bear is no longer weakened.
The black bear attacks as it pursues you!
The black bear bites you but does no damage.
The black bear claws you.
* * * LOW HITPOINT WARNING * * *
The black bear claws you but does no damage.
The ogre looks more healthy.
The black bear attacks as it pursues you!
The black bear completely misses you. The black bear closely misses you.
The black bear misses you.
The black bear attacks as it pursues you!
The black bear bites you but does no damage.
The black bear completely misses you. The black bear claws you.
You die...

,#...............# , , .......
.,#...............#, ,*.......
.##.#...##..##...## ###..##
##..#.O.##..###'###..########..##
#...#...##...#..O...............#
........#....'..O...............#
#.......#<...#..................#
##..#...#....#..h...............#
##.#...##..####@##.##.#######..#
.,#.############'##.##.##########
,*, ##.....#..............# *
,#....†.'..............#
,,#......#..............# ,
,##....##...###.#####..# , *
#...†##...# ###* ####
##.........# , , #..........# ,


You could see a two-headed ogre, a black bear (poisoned) and an ogre.

Vanquished Creatures
  A hornet (D:7)
  Sigmund (D:3)
  3 water moccasins
  3 ice beasts
  A black bear (D:5)
  2 centaurs
  3 phantoms
  A kobold brigand (D:6)
  3 bullfrogs (D:7)
  2 scorpions (D:4)
  A howler monkey (D:6)
  Crazy Yiuf (D:5)
  3 hounds
  An orc priest (D:7)
  A gnoll bouda (D:7)
  5 iguanas
  3 orc wizards
  4 gnolls
  6 adders
  3 white imps (D:6)
  2 ufetubi (D:5)
  4 dart slugs
  6 orcs
  5 ball pythons
  7 endoplasms
  2 giant cockroaches
  5 hobgoblins
  4 jackals (D:3)
  13 kobolds
  A quokka (D:1)
  3 bats
  5 frilled lizards
  4 goblins
  5 rats
114 creatures vanquished.

Notes
Turn   | Place    | Note
-------+----------+-------------------------------------------
     0 | D:1      | GabrielManson the Kobold Earth Elementalist began the quest
                  | for the Orb.
     0 | D:1      | Reached XP level 1. HP: 10/10 MP: 3/3
   134 | D:1      | Reached XP level 2. HP: 15/15 MP: 3/5
   208 | D:1      | Reached skill level 3 in Stealth
   257 | D:1      | Gained mutation: You have an increased reservoir of magic.
                  | (+10% MP) [potion of mutation]
   257 | D:1      | Gained mutation: Potions are less effective at restoring
                  | your health. [potion of mutation]
   630 | D:1      | Reached XP level 3. HP: 19/19 MP: 3/7
  1283 | D:2      | Found Fucige's Antique Weapon Boutique.
  1660 | D:2      | Lost mutation: Potions are less effective at restoring your
                  | health. [potion of mutation]
  1660 | D:2      | Lost mutation: You have an increased reservoir of magic.
                  | (+10% MP) [potion of mutation]
  1660 | D:2      | Gained mutation: Your magical capacity is low. (-10% MP)
                  | [potion of mutation]
  1660 | D:2      | Gained mutation: You passively map a small area around you.
                  | [potion of mutation]
  1660 | D:2      | Gained mutation: You have large cloven feet. [potion of
                  | mutation]
  1787 | D:2      | Reached XP level 4. HP: 13/24 MP: 3/7
  1913 | D:2      | Learned a level 3 spell: Passwall
  1917 | D:2      | Learned a level 3 spell: Stone Arrow
  1950 | D:3      | Noticed Sigmund
  1953 | D:3      | Killed Sigmund
  1954 | D:3      | Reached skill level 4 in Stealth
  1954 | D:3      | Reached XP level 5. HP: 21/28 MP: 2/8
  1954 | D:3      | Reached XP level 6. HP: 24/32 MP: 2/9
  2222 | D:3      | Noticed an ice beast
  2239 | D:3      | Killed an ice beast
  2519 | D:3      | Found Woxi's Antique Weapon Boutique.
  2581 | D:3      | Identified the +3 leather armour "Yniy" {rCorr Dex+2}
  2584 | D:3      | Found a radiant altar of Vehumet.
  2591 | D:3      | Found a white marble altar of Elyvilon.
  2603 | D:3      | Found a snail-covered altar of Cheibriados.
  2629 | D:3      | Found a glowing golden altar of the Shining One.
  2643 | D:3      | Found an opulent altar of Gozag.
  3119 | D:4      | Reached skill level 5 in Earth Magic
  3241 | D:4      | Reached skill level 5 in Stealth
  3241 | D:4      | Reached XP level 7. HP: 19/36 MP: 1/11
  3731 | D:4      | Found a staircase to the Ecumenical Temple.
  3745 | D:4      | Found a glowing silver altar of Zin.
  3758 | Temple   | Entered the Ecumenical Temple
  4119 | D:4      | Found an iron altar of Okawaru.
  4467 | D:5      | Entered Level 5 of the Dungeon
  4570 | D:5      | Reached XP level 8. HP: 41/41 MP: 5/12
  4580 | D:5      | Reached skill level 5 in Dodging
  4580 | D:5      | Reached skill level 6 in Stealth
  4614 | D:5      | HP: 1/41 [poisoned by a water moccasin]
  5141 | D:5      | Found a runed translucent door.
  5144 | D:5      | Noticed Crazy Yiuf
  5306 | D:5      | Killed Crazy Yiuf
  5580 | D:5      | Learned a level 2 spell: Mercury Vapours
  6472 | D:6      | Learned a level 4 spell: Petrify
  6474 | D:6      | Reached skill level 1 in Alchemy
  6576 | D:6      | Reached skill level 7 in Stealth
  6576 | D:6      | Reached skill level 5 in Spellcasting
  6584 | D:6      | Reached XP level 9. HP: 45/45 MP: 6/14
  7209 | D:7      | Reached skill level 8 in Stealth
  7668 | D:7      | Noticed a hornet
  7693 | D:7      | Killed a hornet
  7904 | D:7      | Noticed a two-headed ogre
  7930 | D:7      | HP: 1/45 [black bear (3)]
  7932 | D:7      | Slain by a black bear

Illustrated notes

Levels and vault maps discovered:
D:1:      sevenhm_arrival_forest_fort_small_4, layout_rooms,
          chequers_serial_rivers_small_b
D:2:      layout_basic, serial_shops, nicolae_diamond_shop
D:3:      layout_loops_ring, minmay_overflow_temple_star_hex, serial_shops,
          nicolae_shop_waterfront, uniq_sigmund
D:4:      layout_cave_pools, jmf_multi_god_temple, minmay_temple_entry_junction
D:5:      layout_loops_ring, serial_aquarium, aquarium_bridge_long_joined
          [aquarium_subvault_wall, aquarium_subvault_bridge,
          aquarium_subvault_bridge, aquarium_subvault_balcony,
          aquarium_subvault_balcony, aquarium_subvault_bridge],
          aquarium_bridge_square [aquarium_subvault_window,
          aquarium_subvault_wall, aquarium_subvault_bridge,
          aquarium_subvault_bridge], aquarium_window_corner,
          aquarium_window_corridor_1, aquarium_window_double, aquarium_window_1,
          aquarium_view_2f, aquarium_view_2f, aquarium_balcony_1b,
          aquarium_pool_2, hangedman_decor_growths, lemuel_flame_loot_1,
          uniq_crazy_yiuf_cottage
D:6:      layout_rooms
D:7:      cheibrodos_barr_body, layout_gridville
Temple:   minmay_temple_forest_path

Skill      XL: |  1  2  3  4  5  6  7  8  9 |
---------------+----------------------------+-----
Stealth        | 3 4 5 7 8 |  8.4
Dodging        | 3 4 6 7 |  7.0
Spellcasting   | 3 4 5 |  5.9
Earth Magic    | 4 5 |  5.7
Conjurations   | 2 4 |  4.1
Alchemy        | 1 4 |  4.3

Action                     |  1- 3 |  4- 6 |  7- 9 || total
---------------------------+-------+-------+-------++-------
  Melee: Unarmed           |    14 |     2 |       ||    16
         Staff             |       |       |     4 ||     4
         Kick              |       |       |     1 ||     1
   Cast: Sandblast         |    43 |    21 |   105 ||   169
         Stone Arrow       |       |     6 |    26 ||    32
         Mercury Vapours   |       |       |     5 ||     5
         Petrify           |       |       |     3 ||     3
  Evoke: Wand              |       |     1 |     3 ||     4
    Use: Potion            |     2 |       |     6 ||     8
         Scroll            |       |       |    13 ||    13
 Armour: Robe              |    12 |    11 |    59 ||    82
  Dodge: Dodged            |     7 |    19 |    75 ||   101

Table legend: (Time is in decaauts)
 A = Elapsed time spent in this place.
 B = Non-inter-level travel time spent in this place.
 C = Inter-level travel time spent in this place.
 D = Time resting spent in this place.
 E = Time spent auto-exploring this place.
 F = Levels seen in this place.
 G = Mean time per level.
                   A        B        C        D        E       F      G
               +--------+--------+--------+--------+--------+-----+--------+
         Total |   8021 |   7770 |    251 |    717 |   5988 |   8 | 1002.6 |
       Dungeon |   7750 |   7537 |    213 |    717 |   5988 |   7 | 1107.1 |
        Temple |    271 |    233 |     38 |      0 |      0 |   1 |  271.0 |
               +--------+--------+--------+--------+--------+-----+--------+

Top non-repeatable levels by time:
     D:5: 1982 daAuts
     D:3: 1181 daAuts
     D:4: 1119 daAuts
     D:2: 1006 daAuts
     D:1: 958 daAuts
     D:7: 765 daAuts
     D:6: 735 daAuts
  Temple: 271 daAuts
